 Dungeon Crawl Stone Soup version 0.32-a0-886-g41c5271027 (webtiles) character file.

Game seed: 13618126510757126242

2156 GNSpeed the Slasher (level 9, -3/61 HPs)
             Began as a Djinni Monk on Apr 2, 2024.
             Was a Follower of Makhleb.
             Slain by a cyclops (27 damage)
             ... on level 6 of the Dungeon.
             The game lasted 00:18:06 (7926 turns).

GNSpeed the Slasher (Djinni Monk)                   Turns: 7926, Time: 00:18:07

Health: -3/61      AC:  6    Str: 10    XL:     9   Next: 57%
Gold:   335        EV: 12    Int: 16    God:    Makhleb [*.....] SH:  0 Dex: 16

rFire   + + +        a - +0 falchion
rCold   x . .        d - orb {light}
rNeg    . . .        z - +0 steam dragon scales
rPois   ∞            (no helmet)
rElec   .            y - +0 cloak
rCorr   .            (no gloves)
SInv    .            (boots unavailable)
Will    .....        (no amulet)
Stlth   +            (no ring)
HPRegen 0.30/turn    (no ring)
MPRegen 0.00/turn

%: infuse magic (-4 HP)
@: flying, very slightly contaminated, glowing
A: sickness immunity, fire resistance 3, cold vulnerability 1, float, innate
caster, HP casting, extra vitality 1, MP-powered wands
a: Renounce Religion


You were on level 6 of the Dungeon.
You worshipped Makhleb.
Makhleb was aware of your devotion.
You visited 2 branches of the dungeon, and saw 7 of its levels.
You also visited: Sewer.

You collected 335 gold pieces.

Inventory:

Hand Weapons
 a - a +0 falchion (weapon)
 b - a +1 dagger of speed
Missiles
 f - 2 boomerangs
Armour
 d - an orb of light (worn)
 v - a +0 kite shield
 y - a +0 cloak (worn)
 z - +0 steam dragon scales (worn)
Scrolls
 g - 2 scrolls of immolation
 h - a scroll of poison {unknown}
 i - a scroll of vulnerability
 m - a scroll of blinking
 n - a scroll of fog {unknown}
 s - a scroll of amnesia {unknown}
Potions
 c - a potion of ambrosia
 j - 2 potions of mutation
 l - 4 potions of curing
 o - a potion of cancellation
 p - a potion of lignification {unknown}
 q - a potion of attraction {unknown}
 r - a potion of brilliance {unknown}
 t - 2 potions of heal wounds
 u - 3 potions of enlightenment
 w - 2 potions of haste {unknown}
 x - a potion of berserk rage {unknown}
Miscellaneous
 e - a box of beasts


   Skills:
 + Level 3.2 Fighting
 - Level 7.4 Long Blades
 - Level 3.2 Dodging
 - Level 6.4 Spellcasting
 - Level 6.4 Conjurations
 - Level 6.4 Hexes
 - Level 6.4 Summonings
 - Level 6.4 Necromancy
 - Level 6.4 Translocations
 - Level 6.4 Fire Magic
 - Level 6.4 Ice Magic
 - Level 6.4 Air Magic
 - Level 6.4 Earth Magic
 - Level 6.4 Alchemy
 * Level 3.7 Invocations


You knew the following spells:

 Your Spells              Type           Power      Damage    Failure   Level
a - Freeze                Ice            100%       1d10      1%          1
b - Mercury Vapours       Alch/Air       50%        N/A       1%          2
c - Scorch                Fire           50%        2d7       1%          2
d - Airstrike             Air            12%        2d(2-18)  9%          4
Your spell library was empty.

Dungeon Overview and Level Annotations

Branches:
Dungeon (6/15) Zot: 26176  Temple (1/1) D:6 Zot: 5836   Sewer (visited)

Altars:
Ashenzari
Cheibriados
Elyvilon
Fedhas
Gozag
Makhleb
Nemelex Xobeh
Qazlal
Ru
Trog
Uskayaw
Wu Jian
Xom

Annotations:
D:3 2 transporters, 1 runed translucent door, Crazy Yiuf


Innate Abilities, Weirdness & Mutations

You are immune to sickness and miasma.
You are immune to poison.
Your flesh is almost immune to the effects of heat. (rF+++)
You are vulnerable to cold. (rC-)
You float through the air rather than walking.
You learn spells naturally, not from books.
Your magical power is your life essence.
You have superior vitality. (+4 MHP)
You expend health (3 HP) to strengthen your wands.


Message History

You can no longer harness Makhleb's destructive might.
You start resting.
HP restored.
You fly upwards.
Welcome back to the Dungeon!
There is a staircase to the Ecumenical Temple here.
The cyclops shouts!
The cyclops throws a large rock.
The large rock misses you.
Okay, then.
Casting: Scorch (safe; 1% risk of failure)
Confirm with . or Enter, or press ? or * to list all spells.
Flames lash the cyclops but do no damage.
Casting: Scorch (safe; 1% risk of failure)
Confirm with . or Enter, or press ? or * to list all spells.
Flames lash the cyclops.
The cyclops is lightly wounded.
The cyclops's fire resistance burns away.
Casting: Scorch (safe; 1% risk of failure)
Confirm with . or Enter, or press ? or * to list all spells.
Flames lash the cyclops.
The cyclops is burned terribly!
The cyclops is moderately wounded.
The cyclops throws a large rock.
The large rock hits you!!
Casting: Scorch (safe; 1% risk of failure)
Confirm with . or Enter, or press ? or * to list all spells.
Flames lash the cyclops.
The cyclops is moderately wounded.
Casting: Scorch (safe; 1% risk of failure)
Confirm with . or Enter, or press ? or * to list all spells.
Flames lash the cyclops.
The cyclops is burned terribly!
The cyclops is heavily wounded.
Casting: Scorch (safe; 1% risk of failure)
Confirm with . or Enter, or press ? or * to list all spells.
Flames lash the cyclops.
The cyclops is burned terribly!
The cyclops is severely wounded.
The cyclops hits you.
Casting: Scorch (safe; 1% risk of failure)
Confirm with . or Enter, or press ? or * to list all spells.
You miscast Scorch.
You are very lightly contaminated with residual magic.
Nothing appears to happen.
The cyclops hits you!!
You die...

#>#.#.#.## #.##.#.##
#.#.#### #.##.# #.# .#
# #.# .C # #.# ###
###### # #.# #.#
#....###### # #.# #.#
#..#.@....# # #.# #.#
##..C####.#
####.###.#####.## #.#
#..........# #.# #.#
.....#.#...###.#####.#
....#.#.#............#
.#.#.#.#.#.....#######
.#..#.>.#..#.###
.#.#.#.#.#...#


You could see a cyclops (combustible).

Vanquished Creatures
  Pikel (D:5)
  Sigmund (D:2)
  A steam dragon (D:6)
  Edmund (D:5)
  A sky beast (D:6)
  2 ice beasts (D:6)
  2 ogres (D:4)
  2 lemures (D:5)
  2 bullfrogs
  A scorpion (D:4)
  2 bombardier beetles
  A jelly (D:6)
  An orc priest (D:4)
  2 hounds (D:6)
  A sleepcap (D:5)
  4 iguanas
  3 orc wizards (D:4)
  4 gnolls (D:4)
  11 adders
  10 dart slugs
  13 orcs
  4 bats
  16 endoplasms
  13 giant cockroaches
  6 goblins
  4 hobgoblins
  6 jackals
  7 kobolds
  4 quokkas
  17 ball pythons
  7 frilled lizards
  6 rats
  2 butterflies (D:3)
158 creatures vanquished.

Notes
Turn   | Place    | Note
-------+----------+-------------------------------------------
     0 | D:1      | GNSpeed the Djinni Monk began the quest for the Orb.
     0 | D:1      | Reached XP level 1. HP: 20/20 MP: 0/0
    74 | D:1      | Reached skill level 3 in Long Blades
   201 | D:1      | Reached XP level 2. HP: 25/25 MP: 0/0
   478 | D:1      | Reached XP level 3. HP: 6/30 MP: 0/0
   478 | D:1      | Learned a level 1 spell: Freeze
  1118 | D:2      | Reached skill level 4 in Long Blades
  1154 | D:2      | Noticed Sigmund
  1157 | D:2      | Gained mutation: Your flesh is almost immune to the effects
                  | of heat. (rF+++) [potion of mutation]
  1157 | D:2      | Gained mutation: You expend health (3 HP) to strengthen
                  | your wands. [potion of mutation]
  1305 | D:3      | Reached XP level 4. HP: 35/35 MP: 0/0
  1328 | D:3      | Found a glowing drain.
  1333 | Sewer    | Entered a sewer
  1539 | Sewer    | Reached XP level 5. HP: 40/40 MP: 0/0
  1539 | Sewer    | Learned a level 2 spell: Mercury Vapours
  1565 | Sewer    | Reached skill level 5 in Long Blades
  1635 | Sewer    | Noticed a bullfrog
  1642 | Sewer    | Killed a bullfrog
  1643 | Sewer    | Reached XP level 6. HP: 36/46 MP: 0/0
  1724 | D:3      | Found a transporter.
  1736 | D:3      | Found a transporter.
  1747 | D:3      | Found a shimmering altar of Xom.
  1757 | D:3      | Found an opulent altar of Gozag.
  1805 | D:3      | Found a stormy altar of Qazlal.
  1863 | D:3      | Reached skill level 6 in Long Blades
  1983 | D:3      | Found an ornate altar of the Wu Jian Council.
  2156 | D:3      | Found a runed translucent door.
  2157 | D:3      | Noticed Crazy Yiuf
  2714 | D:2      | Found a faded altar of an unknown god.
  2973 | D:2      | Killed Sigmund
  2974 | D:2      | Reached skill level 7 in Long Blades
  2974 | D:2      | Reached XP level 7. HP: 42/50 MP: 0/0
  2974 | D:2      | Learned a level 2 spell: Scorch
  3928 | D:4      | Reached skill level 1 in Spellcasting
  3928 | D:4      | Reached skill level 1 in Conjurations
  3928 | D:4      | Reached skill level 1 in Hexes
  3928 | D:4      | Reached skill level 1 in Summonings
  3928 | D:4      | Reached skill level 1 in Necromancy
  3928 | D:4      | Reached skill level 1 in Translocations
  3928 | D:4      | Reached skill level 1 in Fire Magic
  3928 | D:4      | Reached skill level 1 in Ice Magic
  3928 | D:4      | Reached skill level 1 in Air Magic
  3928 | D:4      | Reached skill level 1 in Earth Magic
  3928 | D:4      | Reached skill level 1 in Alchemy
  4130 | D:4      | Found a sacrificial altar of Ru.
  4236 | D:4      | Noticed a +0 short sword
  4423 | D:5      | Entered Level 5 of the Dungeon
  5112 | D:5      | Noticed Pikel
  5553 | D:4      | Reached XP level 8. HP: 32/56 MP: 0/0
  5949 | D:4      | Found a hide-covered altar of Uskayaw.
  5949 | D:4      | Noticed a +0 dagger
  5949 | D:4      | Noticed a +0 short sword
  5950 | D:4      | Noticed a +0 spear
  5951 | D:4      | Noticed a +0 dagger
  5958 | D:4      | Noticed a +0 falchion
  5958 | D:4      | Noticed a +0 falchion
  5958 | D:4      | Noticed a +0 spear
  6162 | D:5      | Killed Pikel
  6163 | D:5      | Reached skill level 5 in Spellcasting
  6163 | D:5      | Reached skill level 5 in Conjurations
  6163 | D:5      | Reached skill level 5 in Hexes
  6163 | D:5      | Reached skill level 5 in Summonings
  6163 | D:5      | Reached skill level 5 in Necromancy
  6163 | D:5      | Reached skill level 5 in Translocations
  6163 | D:5      | Reached skill level 5 in Fire Magic
  6163 | D:5      | Reached skill level 5 in Ice Magic
  6163 | D:5      | Reached skill level 5 in Air Magic
  6163 | D:5      | Reached skill level 5 in Earth Magic
  6163 | D:5      | Reached skill level 5 in Alchemy
  6163 | D:5      | Reached XP level 9. HP: 30/60 MP: 0/0
  6163 | D:5      | Learned a level 4 spell: Airstrike
  6625 | D:5      | Noticed Edmund
  6640 | D:5      | Killed Edmund
  6981 | D:6      | Reached skill level 1 in Invocations
  7410 | D:6      | Found a white marble altar of Elyvilon.
  7627 | D:6      | Found a staircase to the Ecumenical Temple.
  7653 | Temple   | Entered the Ecumenical Temple
  7668 | Temple   | Became a worshipper of Makhleb the Destroyer
  7668 | Temple   | Reached * piety under Makhleb
  7668 | Temple   | Reached ** piety under Makhleb
  7734 | D:6      | Noticed a cyclops
  7926 | D:6      | Slain by a cyclops

Illustrated notes

Levels and vault maps discovered:
D:1:      minmay_arrival_loop, layout_basic, nicolae_figureground_sparkle
D:2:      layout_basic, shapermc_ecumenical_altar_mp_ritualfount, minivault_25,
          uniq_sigmund
D:3:      layout_loops_cross, gammafunk_temple_overflow_arena,
          mainiacjoe_overflow_catwalk_spiral,
          mainiacjoe_overflow_concentric_impassable, xom_butterflies,
          portal_sewer_entry_e, uniq_crazy_yiuf_cottage
D:4:      layout_basic, nicolae_ru_great_annihilating_truth,
          nicolae_uskayaw_en_pointe
D:5:      layout_loops_ring, serial_co_window_serial,
          co_window_of_opportunity_a, co_window_corner_a, co_window_paths_a,
          co_window_of_opportunity_a, co_window_paths_a, co_window_paths_a,
          co_window_corner_a, co_window_cross_1, co_window_paths_a,
          co_window_paths_c, co_window_unsneaky_path_c, co_window_broadway_c,
          co_window_unsneaky_path_a, co_window_paths_d, glass_columns_a,
          glass_columns_c, uniq_pikel, uniq_edmund
D:6:      layout_loops_ring, kennysheep_ying_yang, minmay_temple_entry_grid,
          minmay_small_thing
Temple:   nicolae_temple_godpark

Skill      XL: |  1  2  3  4  5  6  7  8  9 |
---------------+----------------------------+-----
Long Blades    | 3 4 5 7 |  7.4
Spellcasting   | 2 5 6 |  6.4
Conjurations   | 2 5 6 |  6.4
Hexes          | 2 5 6 |  6.4
Summonings     | 2 5 6 |  6.4
Necromancy     | 2 5 6 |  6.4
Translocations | 2 5 6 |  6.4
Fire Magic     | 2 5 6 |  6.4
Ice Magic      | 2 5 6 |  6.4
Air Magic      | 2 5 6 |  6.4
Earth Magic    | 2 5 6 |  6.4
Alchemy        | 2 5 6 |  6.4
Invocations    | 3 |  3.7
Fighting       | |  3.2
Dodging        | |  3.2

Action                     |  1- 3 |  4- 6 |  7- 9 || total
---------------------------+-------+-------+-------++-------
  Melee: Falchion          |    80 |   192 |   143 ||   415
         Dagger            |       |       |    44 ||    44
  Throw: Boomerang         |       |       |     1 ||     1
   Cast: Freeze            |       |       |     6 ||     6
         Scorch            |       |       |    74 ||    74
         Mercury Vapours   |       |       |     2 ||     2
 Invoke: Minor Destruction |       |       |     2 ||     2
  Evoke: Box of beasts     |       |       |     1 ||     1
    Use: Scroll            |     4 |     1 |     3 ||     8
         Potion            |     1 |       |     3 ||     4
   Stab: Paralysed         |       |       |     2 ||     2
 Armour: Robe              |     3 |       |       ||     3
         Ring mail         |    17 |    67 |   110 ||   194
         Leather armour    |    41 |    26 |    21 ||    88
         Steam dragon scal |       |       |     6 ||     6
  Dodge: Dodged            |    56 |    95 |    89 ||   240

Table legend: (Time is in decaauts)
 A = Elapsed time spent in this place.
 B = Non-inter-level travel time spent in this place.
 C = Inter-level travel time spent in this place.
 D = Time resting spent in this place.
 E = Time spent auto-exploring this place.
 F = Levels seen in this place.
 G = Mean time per level.
                   A        B        C        D        E       F      G
               +--------+--------+--------+--------+--------+-----+--------+
         Total |   7919 |   7507 |    412 |   1445 |   4335 |   8 |  989.9 |
       Dungeon |   7387 |   7003 |    384 |   1301 |   4232 |   6 | 1231.2 |
        Temple |    163 |    135 |     28 |    130 |      0 |   1 |  163.0 |
         Sewer |    368 |    368 |      0 |     14 |    103 |   1 |  368.0 |
               +--------+--------+--------+--------+--------+-----+--------+

Top non-repeatable levels by time:
     D:5: 1732 daAuts
     D:4: 1429 daAuts
     D:3: 1290 daAuts
     D:1: 1121 daAuts
     D:2: 991 daAuts
     D:6: 822 daAuts
   Sewer: 368 daAuts
  Temple: 163 daAuts
